AoeStats
← cM´ | Loki

Arabia

510325401Analyzed
1v1 RM · 3d ago on Sep 30, 2026· 49m 37s· 2 players
Game mode
Random Map
Map size
Tiny (2 player)
Population
200
Speed
Normal
Resources
Standard
Victory
Conquest
Starting age
Dark Age
Ending age
Imperial Age
RankedLock teamsTeams togetherTeam positionsShared explorationLock speedFull tech treeHidden civsTurbo modeCheats
Victory
Defeat
🇨🇦 Lithuanians · Canada
1417
+15
🇪🇸 Magyars · Spain
1401
-15
cM´ | Loki
7:09 Loom
9:32 Feudal Age
10:29 Double-Bit Axe
20:53 Fletching
27:08 Castle Age
26:24 Horse Collar
26:52 Scale Barding Armor
27:48 Bodkin Arrow
29:57 Bloodlines
32:58 Chain Barding Armor
33:59 Wheelbarrow
33:41 Husbandry
35:38 Gold Mining
36:01 Pikeman
36:44 Scale Mail Armor
41:15 Chain Mail Armor
44:59 Arson
45:10 Town Watch
47:45 Corvinian Army
48:21 Corvinian Army
8oE. Monca
6:45 Loom
8:54 Feudal Age
9:23 Man-at-Arms
12:57 Double-Bit Axe
16:19 Scale Barding Armor
20:20 Fletching
26:42 Castle Age
25:40 Gold Mining
26:20 Horse Collar
27:23 Bodkin Arrow
27:46 Husbandry
27:08 Light Cavalry
28:44 Wheelbarrow
28:38 Bloodlines
38:04 Chain Barding Armor
39:05 Crossbowman
42:43 Padded Archer Armor
43:08 Forging
43:57 Leather Archer Armor
43:41 Guard Tower
44:09 Town Watch
45:48 Iron Casting
45:36 Heavy Plow
47:09 Bow Saw
50:42 Imperial Age
48:23 Thumb Ring
48:38 Husbandry
Connection lost

Rejoining the realm…

Still unreachable

The connection could not be restored.

Session expired

The server has moved on; the page needs a fresh start.